| TOP OF THE 1ST |
|
Oakland Athletics batting - Pitching for Texas Rangers : RHP Bas Kooy
|
|
Pitching: RHP Bas Kooy
|
|
|
Batting: RHB Randy Shrewsbury
|
0-0: Called Strike 0-1: Swinging Strike 0-2: Foul Ball, location: 2F 0-2: Ball 1-2: Ball 2-2: Ground out 1-3 (Groundball, 15S, EV 71.2 MPH)
|
|
Batting: LHB R.J. O'Brien
|
0-0: Ball 1-0: Ball 2-0: TRIPLE (Flyball, 8RXD, EV 100.0 MPH)
|
|
Batting: LHB Bob Branham
|
0-0: Ball 1-0: Ball 2-0: Ball 3-0: Called Strike 3-1: Base on Balls
|
|
Batting: RHB Jorge Severiano
|
0-0: Ball 1-0: Foul Ball, location: 2F 1-1: Ball 2-1: Ball 3-1: Fly out, F5 (Popup, 5D, EV 66.2 MPH)
|
|
Batting: SHB Quincy Bradford
|
0-0: Called Strike 0-1: Called Strike 0-2: Ball 1-2: Strikes out swinging
|
| Top of the 1st over - 0 runs, 1 hit, 0 errors, 2 left on base; Oakland 0 - Texas 0 |
| BOTTOM OF THE 1ST |
|
Texas Rangers batting - Pitching for Oakland Athletics : RHP Melvin Medellin
|
|
Pitching: RHP Melvin Medellin
|
|
|
Batting: LHB Sean Geisler
|
0-0: Ground out 4-3 (Groundball, 4S, EV 71.9 MPH)
|
|
Batting: RHB Marc Peckermark
|
0-0: Ball 1-0: Ball 2-0: Ball 3-0: Base on Balls
|
|
Batting: RHB Imbart Faber
|
0-0: Ball 1-0: Ball 2-0: Foul Ball, location: 2F 2-1: Called Strike 2-2: DOUBLE (Groundball, 3L, EV 100.6 MPH) Marc Peckermark to third Runner from 3rd tries for Home, SAFE, no throw by RF
|
|
Batting: SHB John Giesbrecht
|
0-0: Ball 1-0: 2-RUN HOME RUN (Flyball, 9D, EV 99.4 MPH), Distance : 402 ft
|
|
Batting: RHB Blake Ballard
|
0-0: Called Strike 0-1: Ball 1-1: Ball 2-1: Ball 3-1: Called Strike 3-2: SINGLE (Flyball, 3D, EV 96.2 MPH)
|
|
Batting: LHB Jake Rheaume
|
0-0: Ball 1-0: Called Strike 1-1: Foul Ball, location: 2F 1-2: Strikes out swinging
|
|
Batting: SHB Tony Prado
|
0-0: Foul Ball, location: 2F 0-1: 2-RUN HOME RUN (Flyball, 9LD, EV 95.6 MPH), Distance : 348 ft
|
|
Batting: RHB John Peterson
|
0-0: Ground out U3 (Groundball, 3, EV 86.9 MPH)
|
| Bottom of the 1st over - 5 runs, 4 hits, 0 errors, 0 left on base; Oakland 0 - Texas 5 |
| TOP OF THE 2ND |
|
Oakland Athletics batting - Pitching for Texas Rangers : RHP Bas Kooy
|
|
Batting: LHB Tom Butterbaugh
|
0-0: Ball 1-0: SINGLE (Groundball, 34D, EV 95.0 MPH)
|
|
Batting: LHB Jeff Luvisi
|
0-0: Called Strike 0-1: Ball 1-1: Swinging Strike 1-2: Ball Passed Ball! Tom Butterbaugh to second 2-2: Strikes out swinging
|
|
Batting: LHB Juan Concepcion
|
0-0: Ball 1-0: Foul Ball, location: 2F 1-1: DOUBLE (Line Drive, 89D, EV 110.6 MPH) Tom Butterbaugh scores
|
|
Batting: RHB Nick Gentzel
|
0-0: Swinging Strike 0-1: Ground out 1-3 (Groundball, 13S, EV 73.8 MPH) Juan Concepcion to third
|
|
Batting: RHB Randy Shrewsbury
|
0-0: Called Strike 0-1: Ground out 5-3 (Groundball, 5L, EV 85.0 MPH)
|
| Top of the 2nd over - 1 run, 2 hits, 0 errors, 1 left on base; Oakland 1 - Texas 5 |
| BOTTOM OF THE 2ND |
|
Texas Rangers batting - Pitching for Oakland Athletics : RHP Melvin Medellin
|
|
Batting: SHB Vince Ealy
|
0-0: Ball 1-0: Ball 2-0: Called Strike 2-1: Ball 3-1: Swinging Strike 3-2: Strikes out swinging
|
|
Batting: LHB Sean Geisler
|
0-0: Ball 1-0: Called Strike 1-1: TRIPLE (Line Drive, 9LD, EV 108.1 MPH)
|
|
Batting: RHB Marc Peckermark
|
0-0: Called Strike 0-1: Ball 1-1: SINGLE (Line Drive, 8LS, EV 98.1 MPH) Sean Geisler scores
|
|
Batting: RHB Imbart Faber
|
0-0: Called Strike 0-1: Ball Marc Peckermark steals 2nd base 1-1: Foul Ball, location: 2F 1-2: Ball 2-2: Ground out 6-3 (Groundball, 6D, EV 95.6 MPH)
|
|
Batting: SHB John Giesbrecht
|
0-0: Called Strike 0-1: Foul Ball, location: 2F 0-2: Ground out 4-3 (Groundball, 4, EV 82.5 MPH)
|
| Bottom of the 2nd over - 1 run, 2 hits, 0 errors, 1 left on base; Oakland 1 - Texas 6 |
| TOP OF THE 3RD |
|
Oakland Athletics batting - Pitching for Texas Rangers : RHP Bas Kooy
|
|
Batting: LHB R.J. O'Brien
|
0-0: Ball 1-0: SINGLE (Line Drive, 8LS, EV 106.9 MPH)
|
|
Batting: LHB Bob Branham
|
0-0: Ball 1-0: Grounds into double play, U6-3 (Groundball, 6MS, EV 87.5 MPH)
|
|
Batting: RHB Jorge Severiano
|
0-0: Fly out, F7 (Flyball, 7, EV 75.0 MPH)
|
| Top of the 3rd over - 0 runs, 1 hit, 0 errors, 0 left on base; Oakland 1 - Texas 6 |
| BOTTOM OF THE 3RD |
|
Texas Rangers batting - Pitching for Oakland Athletics : RHP Melvin Medellin
|
|
Batting: RHB Blake Ballard
|
0-0: Called Strike 0-1: Swinging Strike 0-2: Foul Ball, location: 2F 0-2: Ball 1-2: Strikes out swinging
|
|
Batting: LHB Jake Rheaume
|
0-0: SINGLE (Groundball, 56, EV 95.6 MPH)
|
|
Pitching: RHP Mike Pedigo
|
|
|
Batting: SHB Tony Prado
|
0-0: Ball 1-0: Ball 2-0: Ball 3-0: Called Strike 3-1: Called Strike 3-2: Fly out, F8 (Flyball, 8RS, EV 93.1 MPH)
|
|
Batting: RHB John Peterson
|
0-0: Called Strike 0-1: Fielders Choice at 2nd, 5-4 (Groundball, 56, EV 101.9 MPH)
|
| Bottom of the 3rd over - 0 runs, 1 hit, 0 errors, 1 left on base; Oakland 1 - Texas 6 |
| TOP OF THE 4TH |
|
Oakland Athletics batting - Pitching for Texas Rangers : RHP Bas Kooy
|
|
Batting: SHB Quincy Bradford
|
0-0: Called Strike 0-1: Called Strike 0-2: Strikes out swinging
|
|
Batting: LHB Tom Butterbaugh
|
0-0: Foul Ball, location: 2F 0-1: Foul Ball, location: 2F 0-2: Ball 1-2: Fly out, F5 (Popup, 56, EV 80.6 MPH)
|
|
Batting: LHB Jeff Luvisi
|
0-0: Ball 1-0: Ball 2-0: Ball 3-0: Called Strike 3-1: Foul Ball, location: 2F 3-2: SINGLE (Flyball, 56D, EV 86.9 MPH)
|
|
Batting: LHB Juan Concepcion
|
0-0: Ball 1-0: Called Strike 1-1: Foul Ball, location: 2F 1-2: Strikes out swinging
|
| Top of the 4th over - 0 runs, 1 hit, 0 errors, 1 left on base; Oakland 1 - Texas 6 |
| BOTTOM OF THE 4TH |
|
Texas Rangers batting - Pitching for Oakland Athletics : RHP Mike Pedigo
|
|
Batting: SHB Vince Ealy
|
0-0: Ball 1-0: Fly out, F6 (Line Drive, 6, EV 69.4 MPH)
|
|
Batting: LHB Sean Geisler
|
0-0: Called Strike 0-1: Called Strike 0-2: Foul Ball, location: 2F 0-2: Ball 1-2: Foul Ball, location: 2F 1-2: Foul Ball, location: 2F 1-2: Strikes out swinging
|
|
Batting: RHB Marc Peckermark
|
0-0: Called Strike 0-1: Ball 1-1: Ball 2-1: Swinging Strike 2-2: SINGLE (Groundball, 4MD, EV 104.4 MPH)
|
|
Batting: RHB Imbart Faber
|
0-0: Called Strike 0-1: Ground out 5-3 (Groundball, 56, EV 102.5 MPH)
|
| Bottom of the 4th over - 0 runs, 1 hit, 0 errors, 1 left on base; Oakland 1 - Texas 6 |
| TOP OF THE 5TH |
|
Oakland Athletics batting - Pitching for Texas Rangers : RHP Bas Kooy
|
|
Batting: RHB Nick Gentzel
|
0-0: Called Strike 0-1: Ball 1-1: Swinging Strike 1-2: Ball 2-2: Foul Ball, location: 2F 2-2: Strikes out swinging
|
|
Batting: RHB Randy Shrewsbury
|
0-0: Ball 1-0: Foul Ball, location: 2F 1-1: Foul Ball, location: 2F 1-2: Ball 2-2: Foul Ball, location: 2F 2-2: Ball 3-2: Strikes out swinging
|
|
Batting: LHB R.J. O'Brien
|
0-0: Ball 1-0: Fly out, F8 (Line Drive, 8LM, EV 91.9 MPH)
|
| Top of the 5th over - 0 runs, 0 hits, 0 errors, 0 left on base; Oakland 1 - Texas 6 |
| BOTTOM OF THE 5TH |
|
Texas Rangers batting - Pitching for Oakland Athletics : RHP Mike Pedigo
|
|
Batting: SHB John Giesbrecht
|
0-0: Foul Ball, location: 2F 0-1: Ball 1-1: Called Strike 1-2: Strikes out swinging
|
|
Batting: RHB Blake Ballard
|
0-0: SINGLE (Groundball, 56D, EV 100.6 MPH)
|
|
Batting: LHB Jake Rheaume
|
0-0: Called Strike Blake Ballard is caught stealing 2nd base 2-6 0-1: Ball 1-1: Ball 2-1: Foul Ball, location: 2F 2-2: Ball 3-2: Fly out, F8 (Flyball, 8LXD, EV 86.9 MPH)
|
| Bottom of the 5th over - 0 runs, 1 hit, 0 errors, 0 left on base; Oakland 1 - Texas 6 |
| TOP OF THE 6TH |
|
Oakland Athletics batting - Pitching for Texas Rangers : RHP Bas Kooy
|
|
Batting: LHB Bob Branham
|
0-0: Called Strike 0-1: Ground out 1-3 (Groundball, 15S, EV 69.4 MPH)
|
|
Batting: RHB Jorge Severiano
|
0-0: Called Strike 0-1: Foul Ball, location: 2F 0-2: Foul Ball, location: 2F 0-2: Ball 1-2: Foul Ball, location: 2F 1-2: Foul Ball, location: 2F 1-2: Foul Ball, location: 2F 1-2: Ground out 6-3 (Groundball, 56, EV 105.0 MPH)
|
|
Batting: SHB Quincy Bradford
|
0-0: Foul Ball, location: 2F 0-1: Foul Ball, location: 2F 0-2: Foul Ball, location: 2F 0-2: Ground out 6-3 (Groundball, 56, EV 105.0 MPH)
|
| Top of the 6th over - 0 runs, 0 hits, 0 errors, 0 left on base; Oakland 1 - Texas 6 |
| BOTTOM OF THE 6TH |
|
Texas Rangers batting - Pitching for Oakland Athletics : RHP Mike Pedigo
|
|
Batting: SHB Tony Prado
|
0-0: Ball 1-0: Foul Ball, location: 2F 1-1: Ball 2-1: Called Strike 2-2: Foul Ball, location: 2F 2-2: Fly out, F9 (Flyball, 89M, EV 85.6 MPH)
|
|
Batting: RHB John Peterson
|
0-0: Ball 1-0: Ball 2-0: Swinging Strike 2-1: Swinging Strike 2-2: Ball 3-2: Strikes out looking
|
|
Batting: SHB Vince Ealy
|
0-0: Ground out 5-3 (Groundball, 5, EV 78.8 MPH)
|
| Bottom of the 6th over - 0 runs, 0 hits, 0 errors, 0 left on base; Oakland 1 - Texas 6 |
| TOP OF THE 7TH |
|
Oakland Athletics batting - Pitching for Texas Rangers : RHP Bas Kooy
|
|
Batting: LHB Tom Butterbaugh
|
0-0: Called Strike 0-1: Called Strike 0-2: Ball 1-2: Foul Ball, location: 2F 1-2: Ground out U3 (Groundball, 3, EV 80.6 MPH)
|
|
Batting: LHB Jeff Luvisi
|
0-0: Called Strike 0-1: DOUBLE (Line Drive, 78D, EV 111.2 MPH)
|
|
Batting: LHB Juan Concepcion
|
0-0: Ball 1-0: Ball 2-0: Swinging Strike 2-1: Foul Ball, location: 2F 2-2: Fly out, F9 (Flyball, 9, EV 82.5 MPH)
|
|
Batting: RHB Nick Gentzel
|
0-0: Foul Ball, location: 2F 0-1: Foul Ball, location: 2F 0-2: Ball 1-2: Foul Ball, location: 2F 1-2: Strikes out swinging, 2-3 out at first.
|
| Top of the 7th over - 0 runs, 1 hit, 0 errors, 1 left on base; Oakland 1 - Texas 6 |
| BOTTOM OF THE 7TH |
|
Texas Rangers batting - Pitching for Oakland Athletics : RHP Mike Pedigo
|
|
Batting: LHB Sean Geisler
|
0-0: Called Strike 0-1: Ball 1-1: Called Strike 1-2: Strikes out looking
|
|
Batting: RHB Marc Peckermark
|
0-0: Called Strike 0-1: Swinging Strike 0-2: Ball 1-2: Foul Ball, location: 2F 1-2: Foul Ball, location: 2F 1-2: Foul Ball, location: 2F 1-2: Foul Ball, location: 2F 1-2: Strikes out swinging
|
|
Pitching: LHP David James
|
|
|
Batting: RHB Imbart Faber
|
0-0: Ball 1-0: Ball 2-0: Called Strike 2-1: Foul Ball, location: 2F 2-2: Strikes out swinging
|
| Bottom of the 7th over - 0 runs, 0 hits, 0 errors, 0 left on base; Oakland 1 - Texas 6 |
| TOP OF THE 8TH |
|
Oakland Athletics batting - Pitching for Texas Rangers : RHP Bas Kooy
|
|
Batting: RHB Randy Shrewsbury
|
0-0: Ball 1-0: Called Strike 1-1: Foul Ball, location: 2F 1-2: Foul Ball, location: 2F 1-2: Strikes out swinging
|
|
Pitching: LHP Dylan Batstone
|
|
|
Batting: LHB R.J. O'Brien
|
0-0: Ball 1-0: Ball 2-0: Called Strike 2-1: Fly out, F8 (Flyball, 8LD, EV 105.0 MPH)
|
|
Batting: LHB Bob Branham
|
0-0: Ball 1-0: Swinging Strike 1-1: Ball 2-1: Ball 3-1: Ground out 5-3 (Groundball, 5S, EV 83.1 MPH)
|
| Top of the 8th over - 0 runs, 0 hits, 0 errors, 0 left on base; Oakland 1 - Texas 6 |
| BOTTOM OF THE 8TH |
|
Texas Rangers batting - Pitching for Oakland Athletics : LHP David James
|
|
Batting: SHB John Giesbrecht
|
0-0: Swinging Strike 0-1: Ground out 5-3 (Groundball, 5S, EV 92.5 MPH)
|
|
Batting: RHB Blake Ballard
|
0-0: Ball 1-0: Ball 2-0: Called Strike 2-1: Ball 3-1: Base on Balls
|
|
Batting: LHB Jake Rheaume
|
0-0: Foul Ball, location: 2F 0-1: Ground out 5-3 (Groundball, 6S, EV 80.0 MPH) Blake Ballard to second
|
|
Batting: SHB Tony Prado
|
0-0: Swinging Strike 0-1: Ball 1-1: Ball 2-1: Ball 3-1: Base on Balls
|
|
Batting: RHB John Peterson
|
0-0: Ball 1-0: Foul Ball, location: 2F 1-1: Foul Ball, location: 2F 1-2: Ground out U3 (Groundball, 3S, EV 66.9 MPH)
|
| Bottom of the 8th over - 0 runs, 0 hits, 0 errors, 2 left on base; Oakland 1 - Texas 6 |
| TOP OF THE 9TH |
|
Oakland Athletics batting - Pitching for Texas Rangers : LHP Dylan Batstone
|
|
Batting: RHB Jorge Severiano
|
0-0: Called Strike 0-1: Ball 1-1: Fly out, F9 (Flyball, 9D, EV 108.8 MPH)
|
|
Batting: SHB Quincy Bradford
|
0-0: Ball 1-0: Fly out, F7 (Line Drive, 7S, EV 98.1 MPH)
|
|
Batting: LHB Tom Butterbaugh
|
0-0: Ground out 6-3 (Groundball, 6, EV 85.6 MPH)
|
| Top of the 9th over - 0 runs, 0 hits, 0 errors, 0 left on base; Oakland 1 - Texas 6 |
|